 Dungeon Sprint DCSS version 0.29-a0-364-g921d912d32 (webtiles) character file.

Game seed: 5218727408588401196

987 mhtbhm the Imperceptible (level 7, -12/57 HPs)
             Began as a Spriggan Brigand on Apr 30, 2022.
             Was a Follower of Dithmenos.
             Mangled by a sun demon (14 damage)
             ... summoned by a kobold demonologist
             ... in the Dungeon (Sprint I: "Red Sonja").
             The game lasted 00:01:10 (191 turns).

mhtbhm the Imperceptible (Spriggan Brigand)          Turns: 191, Time: 00:01:11

Health: -12/57     AC:  3    Str:  7    XL:     7   Next: 97%
Magic:  9/11       EV: 17    Int: 12    God:    Dithmenos [*.....]
Gold:   278        SH:  0    Dex: 19    Spells: 6/6 levels left

rFire   . . .      SeeInvis +   a - +2 dagger
rCold   . . .      Faith    .   (no shield)
rNeg    . . .      Spirit   .   b - +0 robe
rPois   .          Reflect  .   (helmet restricted)
rElec   .          Harm     .   c - +0 cloak
rCorr   .          Rampage  .   (gloves unavailable)
Will    +....      NoTele   +   (boots unavailable)
Stlth   ..........              (no amulet)
HPRegen 0.19/turn               (no ring)
MPRegen 0.12/turn               (no ring)

@: berserking (expiring), wreathed by umbra, very quick
A: very small, no large weapons, unfitting armour, see invisible, speed 3
a: Renounce Religion


You were in the Dungeon.
You worshipped Dithmenos.
Dithmenos was aware of your devotion.
You visited 1 branch You collected 416 gold pieces.
You spent 138 gold pieces at shops.

Inventory:

Hand Weapons
 a - a +2 dagger (weapon)
Missiles
 d - 9 poisoned darts
 e - 3 curare-tipped darts (quivered)
Armour
 b - a +0 robe (worn)
 c - a +0 cloak (worn)
Wands
 l - a wand of flame (19)
Scrolls
 k - 2 scrolls of blinking
 n - a scroll of identify
 o - a scroll of vulnerability {unknown}
 p - a scroll of brand weapon {unknown}
Potions
 f - a potion of curing
 g - a potion of heal wounds
 h - a potion of haste
 i - 2 potions of magic
 m - 2 potions of resistance


   Skills:
 + Level 4.3 Fighting
 + Level 6.5 Short Blades
 + Level 6.2 Throwing
 + Level 2.3 Dodging
 + Level 21.1 Stealth
 * Level 4.1 Invocations


You had 6 spell levels left.
You didn't know any spells.
Your spell library was empty.

Dungeon Overview and Level Annotations

Branches:
Dungeon (1/1)

Altars:
Cheibriados
Dithmenos
Elyvilon
Fedhas
Gozag
Hepliaklqana
Kikubaaqudgha
Makhleb
Nemelex Xobeh
Okawaru
Qazlal
Ru
Sif Muna
Trog
Uskayaw
Vehumet
Wu Jian
Xom
Yredelemnul
Zin
The Shining One
Jiyva
Lugonu

Shops:
D *


Innate Abilities, Weirdness & Mutations

You are very small and have problems with some larger weapons.
You are too small for most types of armour.
You have supernaturally acute eyesight. (SInv)
You cover ground extremely quickly. (Speed+++)


Message History

The kobold demonologist is almost dead.
The ynoxinul gestures.
You barely miss the kobold demonologist.
The kobold demonologist is almost dead.
The sun demon misses you.
Press: ? - help, v - describe, . - travel
Here: a sun demon (summoned)
The floor.
You hit the kobold demonologist.
You kill the kobold demonologist!
Dithmenos accepts your kill.
You are shrouded in an aura of darkness!
The ynoxinul disappears in a puff of smoke!
The ufetubus disappears in a puff of smoke! x3
The kobold demonologist misses you.
Your Dodging skill increases to level 2!
Your Stealth skill increases to level 21!
Your Invocations skill increases to level 4!
Unknown command.
You hit the kobold demonologist.
The kobold demonologist is lightly wounded.
The sun demon hits you but does no damage.
You puncture the kobold demonologist!
The kobold demonologist is heavily wounded.
The kobold demonologist casts a spell.
You barely miss the kobold demonologist.
The kobold demonologist is heavily wounded.
The sun demon hits you!
* * * LOW HITPOINT WARNING * * *
You are engulfed in flames!
* * * LOW HITPOINT WARNING * * *
You puncture the kobold demonologist!
The kobold demonologist is severely wounded.
The kobold demonologist misses you.
You hit the kobold demonologist.
The kobold demonologist is severely wounded.
The sun demon hits you.
* * * LOW HITPOINT WARNING * * *
You are engulfed in flames!
You die...

###################
..#.)'..#__#..'ยง@K#
..'..#..'..'..#.)3#
#'#####'#__####4..+
..#...#.#### #####
###..##.# __##'#_.+
...'..._# __##_.#'#
__###+#.#


You could see a sun demon (summoned), an orange demon (summoned) and a kobold
demonologist.

Vanquished Creatures
  A kobold demonologist (D)
  A slime creature (D)
  Sigmund (D)
  A yak (D)
  A floating eye (D)
  An ogre (D)
  A jelly (D)
  Ijyb (D)
8 creatures vanquished.

Notes
Turn   | Place    | Note
-------+----------+-------------------------------------------
     0 | D        | mhtbhm the Spriggan Brigand began the quest for the Orb.
     0 | D        | Reached XP level 1. HP: 10/10 MP: 2/2
     1 | D        | Noticed Ijyb
     4 | D        | Killed Ijyb
     5 | D        | Reached skill level 9 in Stealth
     5 | D        | Reached XP level 2. HP: 15/15 MP: 3/3
     8 | D        | Noticed an ogre
    22 | D        | Killed an ogre
    23 | D        | Reached skill level 13 in Stealth
    23 | D        | Reached XP level 3. HP: 19/19 MP: 4/4
    23 | D        | Reached XP level 4. HP: 23/23 MP: 5/5
    54 | D        | Noticed Sigmund
    57 | D        | Killed Sigmund
    58 | D        | Reached skill level 16 in Stealth
    58 | D        | Reached XP level 5. HP: 28/28 MP: 6/6
    58 | D        | Reached XP level 6. HP: 32/32 MP: 7/7
    71 | D        | Found an ornate altar of the Wu Jian Council.
    71 | D        | Found a shimmering blue altar of Sif Muna.
    73 | D        | Found a radiant altar of Vehumet.
    78 | D        | Reached skill level 5 in Short Blades
    78 | D        | Reached skill level 5 in Throwing
    78 | D        | Reached skill level 17 in Stealth
    79 | D        | Found Filely's General Store.
    79 | D        | Found an ancient bone altar of Kikubaaqudgha.
    79 | D        | Found a hazy altar of Hepliaklqana.
    79 | D        | Found a stormy altar of Qazlal.
    79 | D        | Found a hide-covered altar of Uskayaw.
    79 | D        | Found a blossoming altar of Fedhas.
    79 | D        | Found a bloodstained altar of Trog.
    79 | D        | Found an iron altar of Okawaru.
    79 | D        | Found a basalt altar of Yredelemnul.
    79 | D        | Found a glowing golden altar of the Shining One.
    79 | D        | Found a snail-covered altar of Cheibriados.
    79 | D        | Found a sacrificial altar of Ru.
    79 | D        | Found a glowing silver altar of Zin.
    79 | D        | Found a shadowy altar of Dithmenos.
    79 | D        | Found a white marble altar of Elyvilon.
    79 | D        | Noticed a yak
    80 | D        | Found an opulent altar of Gozag.
    81 | D        | Killed a yak
    82 | D        | Reached skill level 18 in Stealth
    82 | D        | Found a sparkling altar of Nemelex Xobeh.
    90 | D        | Became a worshipper of Dithmenos the Shadowed
   125 | D        | Bought a scroll of blinking for 90 gold pieces
   125 | D        | Bought a scroll of identify for 24 gold pieces
   125 | D        | Bought a scroll of identify for 24 gold pieces
   147 | D        | Found a burning altar of Makhleb.
   147 | D        | Found a viscous altar of Jiyva.
   147 | D        | Found a shimmering altar of Xom.
   147 | D        | Found a corrupted altar of Lugonu.
   147 | D        | Noticed a slime creature
   150 | D        | Killed a slime creature
   151 | D        | Reached skill level 19 in Stealth
   151 | D        | Reached XP level 7. HP: 37/37 MP: 7/9
   165 | D        | Noticed a kobold demonologist
   166 | D        | Noticed a kobold demonologist
   169 | D        | Reached skill level 20 in Stealth
   180 | D        | Noticed a sun demon
   182 | D        | Noticed a ynoxinul
   186 | D        | Killed a kobold demonologist
   186 | D        | Reached * piety under Dithmenos
   187 | D        | Reached skill level 21 in Stealth
   189 | D        | Noticed an orange demon
   191 | D        | HP: 2/57 [sun demon[a kobold demonologist] (1)]
   191 | D        | Mangled by a sun demon

Illustrated notes

Levels and vault maps discovered:
D:        dungeon_sprint_1 [red_sonja_temple_1, red_sonja_temple_small_1]

Skill      XL: |  1  2  3  4  5  6  7 |
---------------+----------------------+-----
Fighting       | 2 3 4 |  4.3
Stealth        | 9 13 16 19 21 | 21.1
Short Blades   | 3 4 6 |  6.5
Throwing       | 3 4 5 6 |  6.2
Invocations    | 2 4 |  4.1
Dodging        | 2 |  2.3

Action                   |  1- 3 |  4- 6 |  7- 9 || total
-------------------------+-------+-------+-------++-------
Melee: Dagger            |     1 |     4 |    22 ||    27
Throw: Dart              |     5 |       |       ||     5
  Use: Scroll            |       |     1 |       ||     1
       Potion            |       |       |     1 ||     1
 Stab: Sleeping          |     1 |     4 |     1 ||     6
Armor: Robe              |       |       |     2 ||     2
Dodge: Dodged            |     1 |       |    12 ||    13

Table legend: (Time is in decaauts)
 A = Elapsed time spent in this place.
 B = Non-inter-level travel time spent in this place.
 C = Inter-level travel time spent in this place.
 D = Time resting spent in this place.
 E = Time spent auto-exploring this place.
 F = Levels seen in this place.
 G = Mean time per level.
                   A        B        C        D        E       F      G
               +--------+--------+--------+--------+--------+-----+--------+
         Total |    129 |    129 |      0 |      0 |      0 |   1 |  129.0 |
       Dungeon |    129 |    129 |      0 |      0 |      0 |   1 |  129.0 |
               +--------+--------+--------+--------+--------+-----+--------+

Top non-repeatable levels by time:
       D: 129 daAuts
